 Dungeon Crawl Stone Soup version 0.28-a0-1143-gcf6077d4cc (webtiles) character file.

Game seed: 15323124552149725335

3417 siradein the Chiller (level 10, -4/73 HPs)
             Began as a Human Ice Elementalist on Dec 14, 2021.
             Was an Initiate of Yredelemnul.
             Slain by an orc knight (20 damage)
             ... in a bailey.
             The game lasted 00:42:00 (9832 turns).

siradein the Chiller (Human Ice Elementalist)       Turns: 9832, Time: 00:42:01

Health: -4/73      AC: 12    Str: 12    XL:     10   Next: 25%
Magic:  0/23       EV: 14    Int: 16    God:    Yredelemnul [......]
Gold:   379        SH:  0    Dex: 17    Spells: 2/20 levels left

rFire   . . .      SeeInvis +   v - staff of cold
rCold   + . .      Faith    .   (no shield)
rNeg    . . .      Spirit   +   I - +4 moon troll leather armour {Spirit, Regen++ MP+5}
rPois   .          Reflect  .   x - +0 helmet
rElec   .          Harm     .   (no cloak)
rCorr   .          Rampage  .   w - +2 pair of gloves {Dex+3}
Will    +....                   (no boots)
Stlth   ++........              (no amulet)
HPRegen 1.82/turn               q - ring of see invisible
MPRegen 0.18/turn               z - ring of willpower

@: no status effects
A: no striking features
a: Renounce Religion, Recall Undead Harvest


You were in a bailey.
You worshipped Yredelemnul.
Yredelemnul was noncommittal.
You visited 2 branches of the dungeon, and saw 9 of its levels.
You also visited: Bailey.

You collected 814 gold pieces.
You spent 435 gold pieces at shops.

Inventory:

Missiles
 F - a throwing net
Armour
 d - the +9 scales of the Dragon King {rPois rF+ rC+ Will+}
   (You found it in a bailey)

   rF:        It protects you from fire.
   rC:        It protects you from cold.
   rPois:     It protects you from poison.
   Will:      It increases your willpower.
 w - a +2 pair of gloves of dexterity (worn)
 x - a +0 helmet (worn)
 I - the +4 moon troll leather armour (worn) {Spirit, Regen++ MP+5}
   (You found it on level 7 of the Dungeon)

   MP:        It affects your magic capacity (+5).
   Regen:     It increases your rate of health regeneration.
Magical Staves
 v - a staff of cold (weapon)
Jewellery
 q - a ring of see invisible (left hand)
 z - a ring of willpower (right hand)
Wands
 p - a wand of flame (34)
 y - a wand of charming (8)
 D - a wand of digging (4)
 E - a wand of acid (2)
Scrolls
 b - 3 scrolls of teleportation
 e - 4 scrolls of enchant weapon
 f - 2 scrolls of magic mapping
 j - a scroll of torment {unknown}
 n - a scroll of summoning {unknown}
 o - a scroll of fog {unknown}
 s - 2 scrolls of blinking {unknown}
 t - a scroll of fear {unknown}
 u - a scroll of vulnerability {unknown}
 A - a scroll of enchant armour {unknown}
 G - 2 scrolls of brand weapon {unknown}
Potions
 a - a potion of lignification
 c - 3 potions of attraction
 g - a potion of curing
 h - 2 potions of flight
 i - a potion of berserk rage {unknown}
 k - a potion of haste {unknown}
 l - 3 potions of brilliance
 m - 2 potions of might
 r - a potion of degeneration {unknown}
 B - 2 potions of heal wounds
 H - a potion of cancellation {unknown}


   Skills:
 + Level 4.6 Fighting
 + Level 4.2 Staves
 + Level 3.6 Armour
 + Level 6.0 Dodging
 - Level 2.0 Stealth
 + Level 5.6 Spellcasting
 + Level 7.1 Ice Magic
 + Level 3.6 Invocations
 + Level 4.3 Evocations


You had 2 spell levels left.
You knew the following spells:

 Your Spells              Type           Power      Damage    Failure   Level
a - Freeze                Ice            100%       1d11      1%          1
b - Frozen Ramparts       Ice            80%        1d10      3%          3
c - Ozocubu's Armour      Ice            40%        N/A       3%          3
d - Metabolic Englaciati  Hex/Ice        11%        N/A       75%         5
e - Simulacrum            Ice/Necr       11%        N/A       100%        6

Your spell library contained the following spells:

 Spells                   Type           Power      Damage    Failure   Level
 Ensorcelled Hibernation  Hex/Ice        46%        N/A       6%          2
 Hailstorm                Conj/Ice       23%        3d7       38%         4
 Spider Form              Tmut/Pois      4%         N/A       50%         3
 Borgnjor's Revivificati  Necr           2%         N/A       100%        8
 Necromutation            Tmut/Necr      2%         N/A       100%        8
 Death's Door             Necr           2%         N/A       100%        9


Dungeon Overview and Level Annotations

Branches:
Dungeon (8/15)             Temple (1/1) D:5          Bailey (1/1)
   Lair: D:8-11

Altars:
Ashenzari
Cheibriados
Dithmenos
Fedhas
Hepliaklqana
Okawaru
Qazlal
Ru
Sif Muna
Trog
Uskayaw
Vehumet
Wu Jian
Xom
Yredelemnul
The Shining One

Shops:
D:3 (   D:5 [

Annotations:
D:3 2 runed translucent doors


Message History

Found 68 gold pieces.
There is a large open door here.
There is a large open door here.
You now have 328 gold pieces (gained 17).
You now have 348 gold pieces (gained 20).
You now have 362 gold pieces (gained 14).
You now have 379 gold pieces (gained 17).
There is a large open door here.
You swap places.
There is a large open door here.
You swap places.
The orc knight roars a battlecry!
The orcs go into a battle-frenzy!
There is an open door here.
The orc knight hits you from afar with a +0 glaive!
The orc knight completely misses you.
The orc warrior curses to no one in particular.
The orc knight roars a battlecry!
The orc knight goes into a battle-frenzy!
The orc warrior barely misses you.
The orc knight hits you from afar with a +0 glaive!!!
You open the door. The orc knight barely misses you.
The orc knight closely misses you.
Found two items.
Found a pair of embroidered gloves.
There is an open door, spattered with blood here.
You see here the +9 scales of the Dragon King {rPois rF+ rC+ Will+}.
d - the +9 scales of the Dragon King {rPois rF+ rC+ Will+} You see here a +0 battleaxe of electrocution.
You see here a +1 pair of gloves of stealth.
There is an open door, spattered with blood here.
The orc warrior no longer looks unusually strong. x2
The orc knight hits you from afar with a +0 halberd!!
The orc warrior closely misses you. The orc knight closely misses you.
The orc warrior hits you from afar with a +0 glaive!!
* * * LOW HITPOINT WARNING * * *
The orc knight no longer looks unusually strong.
The orc knight hits you from afar with a +0 halberd!!
You die...
Your body rises from the dead as a mindless zombie.

.#########'###'#############o≈.#
.##.....##..)......## ##.≈.#
Z.##...##..≈≈≈≈§§≈§.## ##..≈.#
≈Z.##Z##..§§.....≈≈..+# ##..≈≈.#
≈≈..#'#..§§§.⌠∩⌠..§§..# #..≈≈.##
≈≈Z.#Z#..§≈..o⌠..§≈≈..# #..≈≈.∩#
≈..##.#'..§≈.oooo§≈§.# ##..≈≈.#
.)##...##..≈§≈≈≈§§.§# ##..≈.#
)##.....##..ZZZ.@..# $$.##.≈.#
.#############'##### #####.≈.#
.....Z....##.....# #####..≈.#
≈≈≈≈≈≈≈≈≈..##[).#######≈≈≈≈≈≈≈.#
........≈≈..##.##...##.........#
#######..≈≈..###.)≈..##.########
##..≈≈..)))≈≈...##...####
##..≈≈≈≈≈≈≈..#######..∩##
##.........## ####∩#


You could see 2 orc knights, 3 orc warriors and 3 friendly orc zombies.

Vanquished Creatures
  Harold (D:8)
  Maggie (D:6)
  Sigmund (D:4)
  Eustachio (D:4)
  A water moccasin (D:6)
  An ice beast (D:6)
  A necrophage (D:8)
  An orc warrior (D:8)
  3 ogres
  A kobold brigand (D:6)
  3 bullfrogs (D:7)
  A killer bee (D:8)
  A wight (D:8)
  2 bullfrog zombies (D:5)
  3 hounds
  2 jellies (D:7)
  2 orc priests
  2 iguanas (D:4)
  3 orc wizards
  Robin (D:4)
  6 gnolls
  A howler monkey skeleton (D:5)
  8 adders
  An ufetubus (D:6)
  An adder skeleton (D:4)
  2 worms
  5 dart slugs
  29 orcs
  3 bats
  8 endoplasms
  3 giant cockroaches
  21 goblins
  13 hobgoblins
  8 jackals
  6 ball pythons
  8 frilled lizards
  10 kobolds
  10 rats
175 creatures vanquished.

Vanquished Creatures (collateral kills)
  A black bear (D:7)
  2 bullfrogs (D:7)
  A gnoll sergeant (D:7)
  2 wights (D:8)
  A centaur zombie (D:8)
  A gnoll shaman (D:6)
  2 centaur skeletons (D:6)
  2 gnolls
  2 kobolds (D:6)
14 creatures vanquished.

Vanquished Creatures (others)
  A killer bee zombie (D:8)
  2 orc zombies (D:8)
  6 plants
9 creatures vanquished.

Grand Total: 198 creatures vanquished

Notes
Turn   | Place    | Note
-------+----------+-------------------------------------------
     0 | D:1      | siradein the Human Ice Elementalist began the quest for the
                  | Orb.
     0 | D:1      | Reached XP level 1. HP: 13/13 MP: 3/3
   189 | D:1      | Found a faded altar of an unknown god.
   280 | D:1      | Reached XP level 2. HP: 11/19 MP: 5/5
  1007 | D:1      | Reached XP level 3. HP: 24/24 MP: 4/6
  1108 | D:1      | Learned a level 3 spell: Frozen Ramparts
  1428 | D:2      | Reached XP level 4. HP: 16/30 MP: 2/8
  2255 | D:3      | Learned a level 3 spell: Ozocubu's Armour
  2255 | D:3      | Found a large runed translucent door.
  2255 | D:3      | Found a large runed translucent door.
  2602 | D:3      | Reached XP level 5. HP: 20/35 MP: 2/9
  3367 | D:3      | Found Xapsiug's Antique Weapon Boutique.
  3872 | D:4      | Noticed Sigmund
  4154 | D:3      | Reached skill level 5 in Ice Magic
  4188 | D:3      | Reached skill level 1 in Fighting
  4188 | D:3      | Reached XP level 6. HP: 5/43 MP: 5/11
  4493 | D:4      | Killed Sigmund
  4494 | D:4      | Reached XP level 7. HP: 20/49 MP: 2/12
  4727 | D:4      | Noticed Robin
  4736 | D:4      | Killed Robin
  4907 | D:4      | Noticed Eustachio
  5453 | D:4      | Reached skill level 1 in Evocations
  5507 | D:4      | Reached skill level 1 in Staves
  5725 | D:4      | Killed Eustachio
  5934 | D:4      | Reached XP level 8. HP: 57/57 MP: 10/14
  6105 | D:5      | Entered Level 5 of the Dungeon
  6107 | D:5      | Found a staircase to the Ecumenical Temple.
  6116 | Temple   | Entered the Ecumenical Temple
  6269 | D:5      | Found Iddimoasch's Antique Armour Emporium.
  6372 | D:5      | Bought a pair of embroidered gloves for 225 gold pieces
  6372 | D:5      | Bought a glowing ring mail for 210 gold pieces
  6419 | D:5      | Reached skill level 6 in Ice Magic
  6545 | D:5      | Found a hazy altar of Hepliaklqana.
  6785 | D:5      | Reached skill level 1 in Armour
  6978 | D:5      | Found a basalt altar of Yredelemnul.
  6986 | D:5      | Became a worshipper of Yredelemnul the Dark
  7160 | D:6      | Found a hide-covered altar of Uskayaw.
  7160 | D:6      | Noticed Maggie
  7167 | D:6      | Killed Maggie
  7168 | D:6      | Reached * piety under Yredelemnul
  7168 | D:6      | Reached skill level 1 in Invocations
  7289 | D:6      | Reached skill level 5 in Dodging
  7289 | D:6      | Reached XP level 9. HP: 62/64 MP: 8/15
  7509 | D:6      | Found a glowing golden altar of the Shining One.
  7758 | D:6      | Reached ** piety under Yredelemnul
  8223 | D:7      | Reached skill level 5 in Spellcasting
  8803 | D:7      | Learned a level 5 spell: Metabolic Englaciation
  8810 | D:7      | Learned a level 6 spell: Simulacrum
  8920 | D:7      | Found an iron altar of Okawaru.
  8924 | D:7      | Found the +4 moon troll leather armour {Spirit, Regen++
                  | MP+5}
  9317 | D:8      | Noticed Harold
  9402 | D:8      | Killed Harold
  9403 | D:8      | Reached skill level 7 in Ice Magic
  9403 | D:8      | Reached XP level 10. HP: 32/73 MP: 0/18
  9420 | D:8      | Found a broken altar of Ashenzari.
  9458 | D:8      | Found a flagged portal.
  9470 | Bailey   | Entered a bailey
  9723 | Bailey   | Noticed an orc knight
  9723 | Bailey   | Noticed an orc knight
  9822 | Bailey   | Found the +9 scales of the Dragon King {rPois rF+ rC+
                  | Will+}
  9832 | Bailey   | Slain by an orc knight

Illustrated notes

Levels and vault maps discovered:
D:1:      mrwooster_arrival_statue_3, layout_loops_ring,
          hellmonk_ecumenical_altar_leap_of_faith
D:2:      layout_basic, minmay_tetromino_l4
D:3:      minmay_bubble_buster, layout_basic, jmf_multi_god_temple2,
          serial_bayou, serial_bayou_pond_e, serial_bayou_ford_a,
          serial_bayou_shore_a, serial_bayou_crossing, serial_shops,
          nicolae_shop_overgrown_old_shop, chequers_serial_rivers_micro_c,
          minmay_misc_feat_five
D:4:      minmay_polygon_palace, layout_basic, uniq_eustachio, uniq_sigmund,
          uniq_robin
D:5:      layout_rooms, lemuel_tele_altar, lemuel_coloured_pillars_altar,
          minmay_temple_entry_junction_2, serial_corexii_hall,
          chequers_hall_statues_y, corexii_hall_statues_l, serial_shops, shop
D:6:      layout_basic, tso_oasis_becter, mainiacjoe_overflow_24_doors,
          uniq_maggie
D:7:      layout_basic, mainiacjoe_overflow_cross_hatched, serial_glass,
          glass_columns_c, glass_columns_c, glass_columns_a, glass_columns_b,
          glass_columns_a, glass_columns_a, glass_columns_a, glass_columns_c,
          glass_columns_c, glass_columns_c
D:8:      layout_basic, mainiacjoe_overflow_alcove_2, enter_bailey_3,
          uniq_harold
Temple:   compressed_dpeg_circular_temple
Bailey:   bailey_polearm_1, bailey

Skill      XL: |  1  2  3  4  5  6  7  8  9 10 |
---------------+-------------------------------+-----
Dodging        | 3 4 5 6 |  6.0
Spellcasting   | 3 4 5 |  5.6
Ice Magic      | 5 6 7 |  7.1
Fighting       | 1 2 3 4 |  4.6
Evocations     | 1 2 4 |  4.3
Staves         | 1 2 4 |  4.2
Armour         | 1 3 |  3.6
Invocations    | 1 3 |  3.6
Stealth        | |  2.0

Action                   |  1- 3 |  4- 6 |  7- 9 | 10-12 || total
-------------------------+-------+-------+-------+-------++-------
Melee: Dagger            |    33 |    20 |       |       ||    53
       Short sword       |       |    79 |       |       ||    79
       Rapier            |       |     5 |       |       ||     5
       Staff             |       |       |   216 |    18 ||   234
 Cast: Freeze            |    40 |    56 |    92 |       ||   188
       Frozen Ramparts   |       |       |    16 |     4 ||    20
       Ozocubu's Armour  |       |       |     2 |       ||     2
Invok: Recall Undead Har |       |       |     1 |       ||     1
  Use: Scroll            |       |       |    10 |     1 ||    11
 Stab: Sleeping          |     1 |     6 |     3 |       ||    10
       Distracted        |       |     1 |       |       ||     1
Armor: Robe              |     6 |    18 |    18 |       ||    42
       Leather armour    |       |    11 |       |       ||    11
       Ring mail         |       |       |    37 |       ||    37
       Swamp dragon scal |       |       |    55 |       ||    55
       Troll leather arm |       |       |    51 |    31 ||    82
Dodge: Dodged            |    31 |    90 |   250 |    71 ||   442

Table legend: (Time is in decaauts)
 A = Elapsed time spent in this place.
 B = Non-inter-level travel time spent in this place.
 C = Inter-level travel time spent in this place.
 D = Time resting spent in this place.
 E = Time spent auto-exploring this place.
 F = Levels seen in this place.
 G = Mean time per level.
                   A        B        C        D        E       F      G
               +--------+--------+--------+--------+--------+-----+--------+
         Total |   9898 |   9703 |    195 |    730 |   7177 |  10 |  989.8 |
       Dungeon |   9420 |   9254 |    166 |    730 |   6915 |   8 | 1177.5 |
        Temple |    116 |     87 |     29 |      0 |     80 |   1 |  116.0 |
        Bailey |    361 |    361 |      0 |      0 |    182 |   1 |  361.0 |
               +--------+--------+--------+--------+--------+-----+--------+

Top non-repeatable levels by time:
     D:3: 2209 daAuts
     D:4: 1796 daAuts
     D:7: 1194 daAuts
     D:1: 1140 daAuts
     D:2: 1016 daAuts
     D:6: 989 daAuts
     D:5: 887 daAuts
  Bailey: 361 daAuts
     D:8: 186 daAuts
  Temple: 116 daAuts
